 Dungeon Crawl Stone Soup version 0.30-a0-605-gb2882149bf (webtiles) character file.

Game seed: 17416513946219916475

100 omnomnOMINOUS the Cutter (level 4, -3/28 HPs)
             Began as an Octopode Wanderer on Jan 7, 2023.
             Slain by a gnoll
             ... wielding a +0 whip
              (10 damage)
             ... on level 2 of the Dungeon.
             The game lasted 00:02:18 (830 turns).

omnomnOMINOUS the Cutter (Octopode Wanderer)         Turns: 830, Time: 00:02:18

Health: -3/28      AC:  1    Str: 12    XL:     4   Next: 73%
Magic:  4/6        EV: 12    Int: 13    God:
Gold:   81         SH:  4    Dex: 13    Spells: 4/5 levels left

rFire   . . .      SeeInvis .    a - +0 rapier
rCold   . . .      Faith    .    c - +0 buckler
rNeg    . . .      Spirit   .    (helmet restricted)
rPois   .          Reflect  .    (no amulet)
rElec   .          Harm     .    (no ring)
rCorr   .          Rampage  .    (no ring)
Will    .....                    (no ring)
Stlth   +++                      (no ring)
HPRegen 0.24/turn                (no ring)
MPRegen 0.10/turn                (no ring)
                                 (no ring)
                                 (no ring)

@: very slightly contaminated
A: almost no armour, amphibious, 8 rings, camouflage 1, gelatinous body 1,
(nimble swimmer 1), tentacles
a: no special abilities


You were on level 2 of the Dungeon.
You visited 1 branch of the dungeon, and saw 2 of its levels.

You collected 81 gold pieces.

Inventory:

Hand Weapons
 a - a +0 rapier (weapon)
Armour
 c - a +0 buckler (worn)
Scrolls
 d - 2 scrolls of teleportation
 e - a scroll of silence {unknown}
 g - a scroll of noise {unknown}
 j - 2 scrolls of brand weapon {unknown}
 k - a scroll of identify {unknown}
Potions
 b - a potion of ambrosia {unknown}
 f - a potion of resistance {unknown}
 h - a potion of invisibility {unknown}
 i - a potion of heal wounds {unknown}
 l - a potion of brilliance {unknown}


   Skills:
 + Level 1.2 Fighting
 + Level 5.3 Short Blades
 - Level 1.0 Polearms
 - Level 1.0 Throwing
 + Level 1.4 Dodging
 + Level 2.0 Stealth
 + Level 2.6 Shields
 + Level 1.3 Spellcasting
 - Level 1.1 Evocations


You had 4 spell levels left.
You knew the following spells:

 Your Spells              Type           Power      Damage    Failure   Level
a - Foxfire               Conj/Fire      0%         2x1d4     34%         1

Your spell library contained the following spells:

 Spells                   Type           Power      Damage    Failure   Level
 Fireball                 Conj/Fire      0%         3d3       100%        5
 Starburst                Conj/Fire      0%         6d3       100%        6


Dungeon Overview and Level Annotations

Branches:
Dungeon (2/15)

Altars:

Shops:
D:1 ?


Innate Abilities, Weirdness & Mutations

You cannot wear most types of armour.
You are amphibious.
You can wear up to eight rings at the same time.
Your skin changes colour to match your surroundings (Stealth+).
Your rubbery body absorbs attacks. (AC +1, EV +1)
((You are camouflaged when in or above water. (Stealth+)))
You have tentacles for arms and can constrict up to eight enemies at once.


Message History

You squeeze the gnoll, but do no damage.
The gnoll is moderately wounded.
You constrict the gnoll. The gnoll misses you.
The gnoll hits you with a +0 club.
You are too injured to fight recklessly!
You are too injured to fight recklessly!
You hit the gnoll. You squeeze the gnoll.
You kill the gnoll!
The gnoll hits you from afar with a +0 spear.
A gnoll comes into view. It is wielding a +0 whip.
You block the gnoll's attack.
Items here: ( )) ††.
You hit the gnoll. You grab the gnoll. You squeeze the gnoll.
The gnoll is heavily wounded.
You constrict the gnoll. The gnoll hits you with a +0 spear.
You hit the gnoll. You squeeze the gnoll.
You kill the gnoll!
Your Stealth skill increases to level 2!
Things that are here:
6 stones; a +0 ring mail; 21 gold pieces
Casting: Foxfire (safe; 34% risk of failure)
Confirm with . or Enter, or press ? or * to list all spells.
You conjure some foxfire!
The foxfire hits the gnoll.
The gnoll is lightly wounded.
The foxfire hits the gnoll but does no damage.
The gnoll is lightly wounded.
Casting: Foxfire (safe; 34% risk of failure)
Confirm with . or Enter, or press ? or * to list all spells.
You miscast Foxfire.
You are very lightly contaminated with residual magic.
Nothing appears to happen.
You barely miss the gnoll. Your grab misses the gnoll.
The gnoll is lightly wounded.
The gnoll hits you with a +0 whip.
* * * LOW HITPOINT WARNING * * *
You hit the gnoll. Your grab misses the gnoll.
The gnoll is moderately wounded.
The gnoll hits you with a +0 whip!
You die...

###.....[##.#.######
#......'..#.#
#......#..#.#
#......#..#.######
######.#..#.#....#
####.####.#....#
#.........#....#
#....####.#....#
#####.@g.######)...###
............(..).......
######....######....###
###### #####


You could see a gnoll.

Vanquished Creatures
  3 gnolls (D:2)
  2 adders (D:2)
  A worm (D:2)
  3 dart slugs
  3 ball pythons (D:1)
  7 endoplasms
  3 giant cockroaches
  5 hobgoblins
  6 jackals (D:1)
  A quokka (D:2)
  2 bats (D:1)
  A frilled lizard (D:2)
  2 kobolds (D:1)
  4 rats
43 creatures vanquished.

Vanquished Creatures (others)
  2 foxfires (D:2)
2 creatures vanquished.

Grand Total: 45 creatures vanquished

Notes
Turn   | Place    | Note
-------+----------+-------------------------------------------
     0 | D:1      | omnomnOMINOUS the Octopode Wanderer began the quest for the
                  | Orb.
     0 | D:1      | omnomnOMINOUS set off with the following items: a +0
                  | rapier, a +0 spear, a +0 buckler, a scroll of
                  | teleportation.
     0 | D:1      | Reached XP level 1. HP: 11/11 MP: 1/1
   104 | D:1      | Found Luddinn's Magic Scroll Emporium.
   111 | D:1      | Reached XP level 2. HP: 9/17 MP: 2/2
   209 | D:1      | Reached skill level 1 in Stealth
   225 | D:1      | Reached XP level 3. HP: 15/22 MP: 2/4
   606 | D:2      | Reached skill level 1 in Dodging
   686 | D:2      | Reached skill level 1 in Spellcasting
   712 | D:2      | Reached skill level 1 in Fighting
   730 | D:2      | Learned a level 1 spell: Foxfire
   750 | D:2      | Reached XP level 4. HP: 26/28 MP: 5/5
   830 | D:2      | Slain by a gnoll

Illustrated notes

Levels and vault maps discovered:
D:1:      minmay_arrival_four_houses, layout_rooms, serial_shops, shop_scrolls
D:2:      layout_basic

Skill      XL: |  1  2  3  4 |
---------------+-------------+-----
Stealth        | 1 2 |  2.0
Dodging        | 1 |  1.4
Spellcasting   | 1 |  1.3
Fighting       | 1 |  1.2
Short Blades   | |  5.3
Polearms       | |  1.0
Throwing       | |  1.0
Shields        | |  2.6
Evocations     | |  1.1

Action                   |  1- 3 |  4- 6 || total
-------------------------+-------+-------++-------
Melee: Rapier            |    57 |    17 ||    74
       Constrict         |    19 |     6 ||    25
       Tentacles         |    17 |     7 ||    24
       Punch             |     1 |       ||     1
 Cast: Foxfire           |       |     1 ||     1
 Stab: Sleeping          |     6 |       ||     6
Dodge: Dodged            |    20 |     5 ||    25
Block: Buckler           |     8 |     4 ||    12

Table legend: (Time is in decaauts)
 A = Elapsed time spent in this place.
 B = Non-inter-level travel time spent in this place.
 C = Inter-level travel time spent in this place.
 D = Time resting spent in this place.
 E = Time spent auto-exploring this place.
 F = Levels seen in this place.
 G = Mean time per level.
                   A        B        C        D        E       F      G
               +--------+--------+--------+--------+--------+-----+--------+
         Total |    828 |    798 |     30 |      0 |    590 |   2 |  414.0 |
       Dungeon |    828 |    798 |     30 |      0 |    590 |   2 |  414.0 |
               +--------+--------+--------+--------+--------+-----+--------+

Top non-repeatable levels by time:
     D:1: 553 daAuts
     D:2: 275 daAuts
